 Dungeon Crawl Stone Soup version 0.28-a0-595-g9f6c0e134a (webtiles) character file.

Game seed: 6724582422362363600

26373 iamoutofideas the Severer (level 13, -8/125 HPs)
             Began as a Hill Orc Berserker on Oct 4, 2021.
             Was a High Priest of Trog.
             Killed by an exploding killer bee (23 damage)
             ... ignited by their inner flame
             ... on level 2 of the Lair of Beasts.
             The game lasted 00:23:33 (15901 turns).

iamoutofideas the Severer (Hill Orc Berserker)     Turns: 15901, Time: 00:23:35

Health: -8/125     AC: 17    Str: 25    XL:     13   Next: 25%
Magic:  13/13      EV: 12    Int:  7    God:    Trog [*****.]
Gold:   678        SH:  0    Dex: 10    Spells: 12/12 levels left

rFire   . . .      SeeInvis .   n - +2 hand axe (elec)
rCold   + . .      Faith    .   (no shield)
rNeg    . . .      Spirit   .   m - +2 scale mail {rC+}
rPois   +          Reflect  .   (no helmet)
rElec   .          Harm     .   j - +2 cloak {Will+}
rCorr   .          Rampage  .   L - +0 pair of gloves
Will    +++..                   D - +0 pair of boots
Stlth   ..........              B - amulet of regeneration
HPRegen 2.30/turn               p - ring of poison resistance
MPRegen 0.13/turn               (no ring)

@: lethally poisoned (-8 -> -12), strong-willed, on berserk cooldown,
regenerating, slowed, very slow
A: no striking features
a: Renounce Religion, Berserk, Trog's Hand, Brothers in Arms


You were on level 2 of the Lair of Beasts.
You worshipped Trog.
Trog was extremely pleased with you.
You visited 3 branches of the dungeon, and saw 16 of its levels.

You collected 678 gold pieces.

Inventory:

Hand Weapons
 b - a +1 war axe of venom
 n - a +2 hand axe of electrocution (weapon)
 y - the +8 falchion of Ecuscheng {vorpal, rElec Dex+4}
   (You found it on level 7 of the Dungeon)

   It inflicts extra damage upon your enemies.
   Dex:       It affects your dexterity (+4).
   rElec:     It insulates you from electricity.
 G - a +5 broad axe of flaming
Missiles
 h - 2 throwing nets
 r - 4 atropa-tipped darts (quivered)
Armour
 a - a +0 tower shield
 j - a +2 cloak of willpower (worn)
 m - a +2 scale mail of cold resistance (worn)
 u - a +3 leather armour of poison resistance
 D - a +0 pair of boots (worn)
 L - a +0 pair of gloves (worn)
Jewellery
 p - a ring of poison resistance (left hand)
 B - an amulet of regeneration (around neck)
 Q - a ring of fire
Wands
 k - a wand of digging (5)
 l - a wand of mindburst (13)
 o - a wand of flame (39)
 w - a wand of acid (17)
 F - a wand of polymorph (18)
 J - a wand of iceblast (9)
Scrolls
 d - 8 scrolls of teleportation
 i - 2 scrolls of identify
 z - a scroll of magic mapping
 E - a scroll of summoning
 H - a scroll of blinking
 K - a scroll of torment
 N - a scroll of vulnerability {unknown}
 P - a scroll of fog
Potions
 c - 3 potions of attraction
 e - 6 potions of curing
 f - 3 potions of berserk rage
 g - 2 potions of might
 q - 3 potions of ambrosia
 s - a potion of brilliance
 v - a potion of heal wounds
 x - a potion of resistance {unknown}
 A - 2 potions of flight {unknown}
 C - a potion of haste
 I - a potion of magic
 M - a potion of lignification {unknown}
 O - a potion of invisibility {unknown}


   Skills:
 + Level 14.5 Fighting
 + Level 18.8 Axes
 + Level 11.4 Armour
 + Level 5.1 Dodging


You had 12 spell levels left.
You didn't know any spells.
Your spell library contained the following spells:

 Spells                   Type           Power      Damage    Failure   Level
 Blink                    Tloc           N/A        N/A       80%         2
 Manifold Assault         Tloc           0%         N/A       100%        5
 Storm Form               Tmut/Air       0%         N/A       100%        7


Dungeon Overview and Level Annotations

Branches:
Dungeon (13/15)            Temple (1/1) D:4            Lair (2/6) D:8
    Orc (0/2) D:10
  Swamp: Lair:2-4    Shoals: Lair:2-4     Snake: Lair:2-4    Spider: Lair:2-4
 Vaults: D:13-14

Altars:
Ashenzari
Cheibriados
Dithmenos
Elyvilon
Fedhas
Gozag
Hepliaklqana
Kikubaaqudgha
Makhleb
Nemelex Xobeh
Okawaru
Qazlal
Ru
Sif Muna
Trog
Uskayaw
Vehumet
Wu Jian
Xom
Yredelemnul
Zin
The Shining One

Shops:
D:1 (   D:2 *

Portals:
Volcano: Lair:2


Message History

You hit the killer bee but do no damage.
You closely miss the killer bee.
The killer bee explodes!
The fiery explosion engulfs the killer bee!!
Trog accepts your kill. The fiery explosion engulfs you!
The fiery explosion engulfs the killer bee!!
Trog accepts your kill.
The fiery explosion engulfs the killer bee!!
Trog accepts your kill.
The fiery explosion engulfs the killer bee!
Flame seeps out of the killer bee.
The killer bee is moderately wounded.
The fiery explosion engulfs the killer bee!!
Trog accepts your kill.
The fiery explosion engulfs the killer bee!
Flame seeps out of the killer bee.
The killer bee is almost dead.
The killer bee explodes!
The fiery explosion engulfs the killer bee!!
Trog accepts your kill. The fiery explosion engulfs you!!
* * * LOW HITPOINT WARNING * * *
The fiery explosion engulfs the killer bee!!
Trog accepts your kill.
The fiery explosion engulfs the killer bee!!
Trog accepts your kill.
The killer bee explodes!
The fiery explosion engulfs you!!
* * * LOW HITPOINT WARNING * * *
The fiery explosion engulfs the killer bee!!
Trog accepts your kill.
The killer bee explodes!
The fiery explosion engulfs the killer bee!!
Trog accepts your kill.
The killer bee explodes!
The fiery explosion engulfs the killer bee!!
Trog accepts your kill. The fiery explosion engulfs you!!
You die...

....## #..........# **,#* ...##
#.##.####### *,.# ...# #####..###
*#.**#** #### ##.##.#...#
**.+#.#,* #.## ####.#[###.#.#####
*†.....,,
##.###.........!......###......,,
....##.#.........y§..#.#†y!..†.,,
....>..........○§○§..#.††y..†..,,
....P.P#......§§@§§yD...#†.Dy..,,
.....P.#......§§§§§yy...#,yy...,,
....##.#..>...§§§§§..#.##,,...!,,
...............§§§...###*,,,...,,
....#.#..............#* *,,,,#.**
#######.#########..##.# ********
### ####*##


You could see a four-headed hydra (inner flame), a queen bee (inner flame) and 3
killer bees.

Vanquished Creatures
  Harold (D:7)
  A catoblepas (D:13)
  A hydra (Lair:2)
  3 two-headed ogres
  3 death yaks (Lair:2)
  4 skeletal warriors
  A harpy (shapeshifter) (D:12)
  An ugly thing (D:7)
  4 cyclopes
  A cane toad (Lair:2)
  A kobold demonologist (D:12)
  2 unseen horrors
  A komodo dragon (D:12)
  2 trolls
  2 hornets
  Prince Ribbit (D:6)
  5 blink frogs (Lair:1)
  2 meliai zombies (D:11)
  3 slime creatures (D:13)
  Sigmund (D:6)
  14 yaks
  2 vampires
  4 wyverns
  Menkaure (D:7)
  An acid dragon (D:8)
  4 water moccasins
  5 orc warriors
  An ice beast (D:7)
  2 sky beasts
  4 black bears
  An ogre (D:4)
  14 wolves
  A necrophage (D:5)
  3 centaurs
  2 phantoms (D:6)
  2 bullfrogs
  2 kobold brigands
  3 scorpions
  32 killer bees
  5 wights
  4 howler monkeys
  6 electric eels
  A lava snake (D:8)
  10 centaur zombies
  7 hounds
  6 orc priests
  Crazy Yiuf (D:2)
  2 gnoll shamans
  Ijyb (D:3)
  3 bullfrog skeletons
  An iguana (D:6)
  12 orc wizards
  A howler monkey skeleton (D:7)
  9 gnolls
  2 adders (D:4)
  An adder zombie (D:3)
  3 worms (D:2)
  4 dart slugs
  34 orcs
  10 ball pythons
  7 bats
  3 endoplasms
  6 giant cockroaches
  9 goblins
  6 hobgoblins
  21 kobolds
  8 frilled lizards
  5 rats
326 creatures vanquished.

Vanquished Creatures (others)
  A two-headed ogre (D:8)
  A gnoll (D:8)
  6 fungi (Lair:2)
  7 plants
15 creatures vanquished.

Grand Total: 341 creatures vanquished

Notes
Turn   | Place    | Note
-------+----------+-------------------------------------------
     0 | D:1      | iamoutofideas the Hill Orc Berserker began the quest for
                  | the Orb.
     0 | D:1      | Reached XP level 1. HP: 19/19 MP: 1/1
   369 | D:1      | Reached XP level 2. HP: 17/27 MP: 2/2
   898 | D:1      | Found a faded altar of an unknown god.
   908 | D:1      | Reached XP level 3. HP: 34/34 MP: 3/3
  1384 | D:1      | Found Rauv Wyr's Weapon Shoppe.
  1911 | D:2      | Reached skill level 5 in Axes
  2105 | D:2      | Reached ** piety under Trog
  2126 | D:2      | Found Oneve's General Store.
  2518 | D:2      | Reached XP level 4. HP: 32/41 MP: 4/4
  2717 | D:2      | Found a runed translucent door.
  2718 | D:2      | Noticed Crazy Yiuf
  2796 | D:2      | Killed Crazy Yiuf
  2860 | D:3      | Found a snail-covered altar of Cheibriados.
  2889 | D:3      | Reached skill level 6 in Axes
  3073 | D:3      | Reached XP level 5. HP: 47/47 MP: 5/5
  3330 | D:3      | Noticed Ijyb
  3337 | D:3      | Killed Ijyb
  3437 | D:3      | Found a shimmering blue altar of Sif Muna.
  3535 | D:3      | Reached skill level 7 in Axes
  4019 | D:4      | Found a staircase to the Ecumenical Temple.
  4030 | Temple   | Entered the Ecumenical Temple
  4201 | D:4      | Noticed an ogre
  4210 | D:4      | Killed an ogre
  4211 | D:4      | Reached skill level 5 in Fighting
  4211 | D:4      | Reached XP level 6. HP: 55/56 MP: 6/6
  4213 | D:4      | Reached skill level 8 in Axes
  4229 | D:4      | Noticed a black bear
  4255 | D:4      | Killed a black bear
  4553 | D:4      | Reached *** piety under Trog
  4644 | D:4      | Reached skill level 9 in Axes
  4644 | D:4      | Reached XP level 7. HP: 61/61 MP: 7/7
  4951 | D:4      | Found a blossoming altar of Fedhas.
  4960 | D:4      | Found an ornate altar of the Wu Jian Council.
  5233 | D:5      | Entered Level 5 of the Dungeon
  5261 | D:4      | Reached skill level 10 in Axes
  5830 | D:5      | Reached XP level 8. HP: 69/70 MP: 8/8
  5890 | D:5      | Reached skill level 11 in Axes
  6123 | D:6      | Noticed Sigmund
  6137 | D:6      | Killed Sigmund
  6138 | D:6      | Reached skill level 12 in Axes
  6363 | D:6      | Noticed a two-headed ogre
  6377 | D:6      | Killed a two-headed ogre
  6378 | D:6      | Reached skill level 14 in Axes
  6378 | D:6      | Reached XP level 9. HP: 78/78 MP: 9/9
  6645 | D:6      | Noticed Prince Ribbit
  6938 | D:6      | Reached **** piety under Trog
  7534 | D:6      | Killed Prince Ribbit
  7535 | D:6      | Reached skill level 15 in Axes
  7649 | D:7      | Noticed Harold
  7732 | D:7      | Killed Harold
  7971 | D:7      | Found a broken altar of Ashenzari.
  7971 | D:7      | Noticed a purple ugly thing
  7982 | D:7      | Killed a purple ugly thing
  7983 | D:7      | Reached skill level 16 in Axes
  7983 | D:7      | Reached XP level 10. HP: 91/91 MP: 10/10
  8159 | D:7      | Identified the +8 falchion of Ecuscheng {vorpal, rElec
                  | Dex+4}
  8532 | D:7      | Noticed Menkaure
  8535 | D:7      | Killed Menkaure
  8617 | D:7      | You fall into a shaft and drop 3 floors!
  8617 | D:10     | Entered Level 10 of the Dungeon
  8826 | D:8      | Reached skill level 10 in Fighting
  9016 | D:8      | Found a shimmering altar of Xom.
  9016 | D:8      | Noticed a two-headed ogre
  9018 | D:8      | Killed a two-headed ogre
  9290 | D:8      | Reached ***** piety under Trog
  9325 | D:8      | Found a staircase to the Lair.
  9650 | D:8      | Reached skill level 5 in Armour
  9652 | D:8      | Reached XP level 11. HP: 58/102 MP: 11/11
 10656 | D:9      | Noticed a two-headed ogre
 10665 | D:9      | Killed a two-headed ogre
 11416 | D:10     | Paralysed by a hornet for 3 turns
 11498 | D:10     | Found a staircase to the Orcish Mines.
 11760 | D:10     | Reached skill level 17 in Axes
 12462 | D:11     | Reached XP level 12. HP: 106/113 MP: 12/12
 12616 | D:11     | Found a basalt altar of Yredelemnul.
 12779 | D:11     | Identified the +1 robe of Amelioration {Will+}
 13334 | D:12     | Noticed a two-headed ogre
 13340 | D:12     | Killed a two-headed ogre
 13490 | D:11     | Reached skill level 18 in Axes
 13795 | D:12     | Received a gift from Trog
 14270 | D:13     | Noticed a catoblepas
 14278 | D:13     | Killed a catoblepas
 14279 | D:13     | Reached skill level 10 in Armour
 14734 | Lair:1   | Entered Level 1 of the Lair of Beasts
 14754 | Lair:1   | Reached XP level 13. HP: 124/124 MP: 13/13
 15481 | Lair:2   | Reached skill level 5 in Dodging
 15639 | Lair:2   | Found a dark tunnel.
 15901 | Lair:2   | Killed by an exploding killer bee... ignited by their inner
                  | flame

Illustrated notes

Levels and vault maps discovered:
D:1:      nzn_arrival_water_spiral, layout_basic, ebering_ecumenical_altar_mist,
          serial_shops, shop, kennysheep_small_spiral, serial_bayou_ford_a,
          grunt_decor_cap
D:2:      layout_basic, serial_shops, shop, uniq_crazy_yiuf_cottage
D:3:      layout_basic, marbit_many_paths, mainiacjoe_overflow_catwalk,
          serial_curves, eino_curves_01, eino_curves_02, chequers_jeans,
          uniq_ijyb
D:4:      layout_basic, mainiacjoe_overflow_swirl, temple_statues
D:5:      layout_basic, minmay_misc_feat_alley
D:6:      layout_layer_cave, minmay_lizard_king, uniq_sigmund,
          uniq_prince_ribbit1
D:7:      layout_basic, mainiacjoe_overflow_small_starburst, uniq_harold,
          uniq_menkaure
D:8:      layout_loops_corners, xom_confusion_cloud, erik_lair_island,
          nicolae_lava_and_water
D:9:      layout_stronghold
D:10:     layout_stronghold, orc_0_dummy, minmay_misc_feat_nine_boxes
D:11:     layout_basic, nicolae_yredelemnul_corpse_copse
D:12:     layout_rooms, nrook_pool_corridor
D:13:     layout_gridville
Temple:   regret_index_temple_sphere_string
Lair:1:   layout_misc_corridors
Lair:2:   layout_roguey [special_room_bee], nicolae_volcano_entry_lava_flow,
          lemuel_fruit_fields

Skill      XL: |  1  2  3  4  5  6  7  8  9 10 11 12 13 |
---------------+----------------------------------------+-----
Fighting       | 4 5 6 9 11 12 14 | 14.5
Axes           | 5 6 7 9 10 14 16 17 18 | 18.8
Armour         | 5 8 10 11 | 11.4
Dodging        | 2 4 5 |  5.1

Action                   |  1- 3 |  4- 6 |  7- 9 | 10-12 | 13-15 || total
-------------------------+-------+-------+-------+-------+-------++-------
Melee: Hand axe          |   131 |   114 |   181 |   472 |    47 ||   945
       Falchion          |       |       |       |    25 |       ||    25
       Broad axe         |       |       |       |    20 |       ||    20
Throw: Dart              |       |       |     1 |       |       ||     1
Invok: Berserk           |     2 |     6 |     7 |    18 |     2 ||    35
       Trog's Hand       |       |       |       |       |     1 ||     1
Evoke: Wand              |       |       |       |       |     6 ||     6
  Use: Scroll            |       |     1 |     9 |    12 |     2 ||    24
       Potion            |       |       |       |     3 |       ||     3
Armor: Animal skin       |    26 |    21 |       |       |       ||    47
       Ring mail         |       |    22 |    20 |       |       ||    42
       Scale mail        |       |     2 |     5 |   303 |    76 ||   386
       Leather armour    |       |       |    29 |       |       ||    29
Dodge: Dodged            |   100 |    59 |    89 |   249 |    97 ||   594

Table legend: (Time is in decaauts)
 A = Elapsed time spent in this place.
 B = Non-inter-level travel time spent in this place.
 C = Inter-level travel time spent in this place.
 D = Time resting spent in this place.
 E = Time spent auto-exploring this place.
 F = Levels seen in this place.
 G = Mean time per level.
                   A        B        C        D        E       F      G
               +--------+--------+--------+--------+--------+-----+--------+
         Total |  15981 |  15274 |    707 |   2252 |  10565 |  16 |  998.8 |
       Dungeon |  14733 |  14063 |    670 |   2176 |   9558 |  13 | 1133.3 |
        Temple |    147 |    139 |      8 |      0 |    126 |   1 |  147.0 |
          Lair |   1100 |   1072 |     28 |     75 |    881 |   2 |  550.0 |
               +--------+--------+--------+--------+--------+-----+--------+

Top non-repeatable levels by time:
     D:1: 1631 daAuts
     D:6: 1600 daAuts
     D:8: 1376 daAuts
     D:9: 1260 daAuts
     D:2: 1246 daAuts
     D:3: 1216 daAuts
    D:11: 1182 daAuts
     D:7: 1159 daAuts
     D:4: 1096 daAuts
    D:10: 1067 daAuts
     D:5: 844 daAuts
    D:12: 689 daAuts
  Lair:1: 645 daAuts
  Lair:2: 455 daAuts
    D:13: 362 daAuts
